Map: Abyssal Reef LE

Players

Seither

  • Race: Terran Terran
  • Spawn Location: 5:00

PiLiPiLi - Winner!

  • Race: Protoss Protoss
  • Spawn Location: 11:00

Event: WCS Montreal 2017

VOD

Have the link to the VOD?

Description

Time

  • Played on: Sept. 8, 2017, 6:47 p.m.
  • Length: 16:52

All games in this series

Show
View Real Time Build Order
Export as new Build Order

Seither Terran 

Build Orders: Reaper Expand, MMM Bio 

Get SALT Encoding   

  12  0:00  SCV  
  13  0:13  SCV  
  14  0:17  Supply Depot  
  14  0:25  SCV  
  15  0:39  SCV  
  15  0:41  Barracks  
  16  0:46  Refinery  
  16  0:51  SCV  
  17  1:03  SCV  
  18  1:15  SCV  
  19  1:28  Orbital Command  
  19  1:29  Reaper  
  20  1:41  Command Center  
  20  1:51  Supply Depot  
  20  1:55  SCV  
  21  2:02  Marine  
  21  2:05  Factory  
  21  2:08  SCV  
  23  2:14  Refinery  
  23  2:20  SCV  
  24  2:23  Barracks Reactor  
  24  2:32  SCV  
  24  2:43  Barracks  
  24  2:44  SCV  
  25  2:53  Starport  
  25  2:55  Orbital Command  
  25  2:56  SCV  
  25  2:57  Widow Mine  
  28  3:00  Marine  
  28  3:03  Marine  
  30  3:09  SCV  
  31  3:18  Marine  
  32  3:21  Marine, SCV  
  32  3:22  SCV  
  32  3:26  Factory Tech Lab  
  35  3:30  Viking  
  35  3:31  Barracks Tech Lab  
  35  3:34  SCV x2  
  38  3:36  Marine  
  38  3:39  Marine  
  41  3:46  Supply Depot  
  41  3:48  SCV x2  
  42  3:53  Marine x2  
  41  4:00  SCV x2  
  44  4:10  Siege Tank  
  44  4:12  SCV  
  44  4:13  SCV  
  46  4:19  Marine, Stimpack  
  46  4:21  Marine  
  48  4:26  Marine  
  48  4:30  SCV x2  
  51  4:32  Supply Depot  
  51  4:42  SCV x2  
  53  4:48  Supply Depot, Marine  
  53  4:52  Liberator  
  54  4:53  Siege Tank, Marine x2  
  54  4:54  SCV x2  
  61  5:06  SCV  
  62  5:09  Supply Depot, Marine, SCV  
  62  5:11  Marine  
  62  5:12  Supply Depot  
  68  5:14  Marine  
  68  5:18  SCV  
  70  5:27  SCV  
  50  5:30  SCV  
  50  5:31  Marine  
  50  5:32  Marine  
  46  5:36  Reaper  
  46  5:39  SCV  
  46  5:42  SCV  
  47  5:49  Marine x2  
  46  5:51  SCV  
  46  5:54  SCV  
  48  6:03  SCV  
  48  6:06  SCV  
  48  6:07  Marine x2  
  51  6:12  Supply Depot  
  51  6:14  Starport Reactor  
  51  6:18  Barracks  
  51  6:21  Factory Reactor, SCV  
  51  6:22  SCV  
  53  6:26  Combat Shields  
  46  6:33  SCV  
  46  6:34  SCV  
  43  6:45  Marine x2  
  43  6:46  SCV x2  
  45  6:58  SCV x2  
  43  7:10  Marine, SCV x2  
  43  7:11  Marauder x2  
  43  7:14  Medivac  
  52  7:18  Medivac  
  52  7:22  SCV x2  
  56  7:26  Concussive Shells  
  56  7:28  Widow Mine x2  
  60  7:34  SCV x2  
  60  7:36  Marine x2  
  64  7:42  Marauder  
  64  7:43  Marauder  
  68  7:46  SCV  
  68  7:47  SCV  
  68  8:01  Marine x2  
  68  8:02  Command Center  
  68  8:04  SCV x2, Marauder  
  74  8:08  Marauder  
  76  8:13  Widow Mine x2  
  76  8:19  SCV x2  
  82  8:27  Medivac x2  
  86  8:34  Marine x2  
  86  8:35  Marauder x2  
  86  8:37  SCV x2  
  86  8:40  Supply Depot  
  94  8:48  Barracks  
  94  8:49  Refinery  
  94  8:50  Barracks, Refinery  
  94  8:56  Liberator  
  94  8:58  Liberator  
  94  9:00  Engineering Bay  
  94  9:01  Marine x2  
  94  9:02  Supply Depot, Marauder x2  
  100  9:03  SCV  
  101  9:10  SCV  
  101  9:15  SCV  
  109  9:20  Orbital Command  
  109  9:22  SCV  
  109  9:23  Marauder  
  111  9:27  Supply Depot  
  111  9:35  Marine, Marauder  
  114  9:45  Terran Infantry Weapons Level 1, Marauder  
  114  9:46  Marine x3  
  114  9:47  Orbital Command  
  114  9:49  SCV  
  114  9:50  SCV  
  119  9:55  Supply Depot  
  119  9:57  Marauder  
  121  10:02  Marine  
  121  10:04  Marine x3  
  121  10:06  Marauder  
  100  10:18  Liberator, Marauder  
  100  10:20  Marine  
  97  10:22  Marine  
  97  10:26  Marine  
  97  10:27  Marauder  
  101  10:38  Marine  
  101  10:39  Medivac  
  101  10:40  Marauder  
  101  10:41  Marine  
  105  10:45  Barracks Reactor, Barracks Tech Lab  
  105  10:49  Marauder  
  106  10:54  SCV x2, Missile Turret  
  106  10:56  Missile Turret  
  108  11:02  Marine x2, Marauder  
  108  11:03  Widow Mine  
  112  11:06  Liberator  
  112  11:09  SCV x3  
  112  11:10  Marauder  
  112  11:11  Marauder  
  114  11:19  Marine  
  114  11:20  Marine  
  114  11:23  Marine  
  119  11:25  SCV  
  119  11:26  SCV  
  119  11:30  Liberator  
  119  11:32  Marauder  
  122  11:45  Marine x2, Marauder x2  
  128  11:50  Widow Mine x2  
  125  12:02  Marine x3, Marauder  
  125  12:05  Missile Turret  
  125  12:06  Marauder  
  126  12:10  Missile Turret  
  120  12:17  SCV  
  120  12:19  Marine, Marauder  
  120  12:20  Marine  
  124  12:24  Marauder  
  123  12:31  Marine x2  
  123  12:33  SCV x2  
  118  12:43  Marine x2  
  118  12:44  Marauder  
  114  12:45  SCV  
  114  12:49  Marine  
  104  12:56  Marine  
  102  13:10  Marine, Marauder  
  105  13:16  Marine x3  
  105  13:19  SCV  
  62  13:40  Medivac x2  
  57  13:45  SCV x2  
  57  13:46  Marine x3, Marauder x3  
  61  13:50  Marine  
  61  13:52  Terran Infantry Armor Level 1  
  62  14:00  SCV x3  
  65  14:04  Marine x3  
  65  14:07  Marine  
  65  14:09  Starport  
  69  14:24  Medivac  
  69  14:25  Medivac  
  69  14:27  Marine, Marauder x2  
  69  14:28  Marauder  
  80  14:35  SCV x2  
  76  14:46  Marine x2  
  76  14:49  Marauder x2  
  76  14:50  SCV x3  
  76  14:52  Liberator, Supply Depot  
  85  15:07  Marine, Marauder  
  85  15:10  Marauder  
  84  15:23  Marine, Marauder  
  78  15:29  Marine x2, Marauder  
  78  15:32  Marine  
  78  15:34  Marine  
  83  15:38  Orbital Command  
  78  15:48  Marine x2  
  67  16:01  Marine  
  68  16:30  Marine x2  
Show
View Real Time Build Order
Export as new Build Order

PiLiPiLi Protoss - Winner!

Build Orders: 1 Gate Expand, Oracle Opening 

Get SALT Encoding   

  12  0:01  Probe (Chrono Boost)  
  13  0:11  Probe (Chrono Boost)  
  14  0:18  Pylon  
  14  0:22  Probe (Chrono Boost)  
  15  0:36  Probe (Chrono Boost), Gateway  
  16  0:46  Assimilator  
  16  0:47  Probe (Chrono Boost)  
  17  0:57  Probe (Chrono Boost)  
  18  1:10  Probe (Chrono Boost)  
  19  1:20  Nexus  
  19  1:25  Probe (Chrono Boost)  
  20  1:33  Cybernetics Core  
  20  1:37  Probe (Chrono Boost)  
  21  1:42  Assimilator  
  21  1:47  Probe (Chrono Boost)  
  21  1:52  Pylon  
  22  1:58  Probe (Chrono Boost)  
  23  2:10  Adept (Chrono Boost)  
  23  2:12  Probe  
  26  2:17  Stargate  
  26  2:24  Probe, Warp Gate (Chrono Boost)  
  27  2:38  Probe x2  
  27  2:42  Adept (Chrono Boost)  
  31  2:48  Probe  
  31  2:50  Probe  
  33  2:57  Oracle (Chrono Boost)  
  33  3:00  Probe  
  33  3:02  Probe  
  38  3:13  Probe  
  38  3:14  Probe  
  38  3:16  Gateway  
  40  3:21  Gateway  
  40  3:25  Pylon  
  41  3:28  Mothership Core  
  42  3:35  Probe  
  43  3:47  Probe  
  44  3:49  Probe  
  44  3:53  Oracle  
  45  3:59  Probe  
  45  4:02  Probe (Chrono Boost)  
  50  4:05  Pylon  
  50  4:06  Pylon  
  50  4:10  Gateway  
  50  4:11  Probe (Chrono Boost)  
  50  4:15  Probe (Chrono Boost), Pylon  
  52  4:21  Adept  
  52  4:22  Pylon  
  54  4:24  Oracle, Adept  
  54  4:25  Adept  
  61  4:42  Probe (Chrono Boost)  
  61  4:43  Probe (Chrono Boost), Adept  
  61  4:44  Adept  
  61  4:45  Adept  
  69  5:03  Probe (Chrono Boost)  
  69  5:04  Nexus  
  69  5:05  Probe (Chrono Boost)  
  71  5:07  Pylon  
  71  5:09  Adept x3  
  77  5:25  Probe (Chrono Boost)  
  77  5:28  Probe (Chrono Boost)  
  71  5:30  Assimilator  
  71  5:32  Forge  
  71  5:34  Twilight Council  
  71  5:35  Phoenix  
  64  5:36  Probe (Chrono Boost)  
  64  5:38  Assimilator  
  64  5:40  Probe (Chrono Boost)  
  66  5:46  Probe (Chrono Boost)  
  63  5:58  Protoss Ground Weapons Level 1  
  63  6:00  Probe (Chrono Boost)  
  63  6:01  Adept  
  63  6:02  Adept x3  
  70  6:04  Resonating Glaives (Chrono Boost)  
  70  6:07  Probe (Chrono Boost)  
  70  6:11  Probe (Chrono Boost)  
  72  6:16  Probe  
  73  6:19  Probe  
  73  6:26  Probe  
  73  6:30  Probe  
  69  6:37  Adept x2  
  69  6:38  Probe, Adept x2  
  69  6:39  Probe  
  76  6:44  Phoenix (Chrono Boost)  
  76  6:47  Probe  
  76  6:50  Probe  
  76  6:53  Probe  
  79  6:55  Pylon  
  79  6:59  Probe  
  76  7:04  Adept  
  76  7:05  Adept x3  
  76  7:06  Probe, Phoenix (Chrono Boost)  
  83  7:09  Gateway  
  83  7:10  Gateway  
  83  7:11  Gateway  
  83  7:14  Gateway  
  83  7:16  Robotics Facility  
  83  7:21  Gateway  
  83  7:23  Probe  
  83  7:24  Gateway  
  84  7:33  Phoenix (Chrono Boost), Gateway  
  84  7:34  Pylon  
  86  7:39  Adept x3, Blink  
  90  7:48  Probe  
  90  7:49  Pylon  
  90  7:54  Phoenix (Chrono Boost)  
  90  7:56  Probe x2  
  90  7:57  Protoss Ground Armor Level 1  
  94  8:00  Assimilator, Probe  
  94  8:03  Pylon  
  95  8:12  Warp Prism  
  97  8:16  Phoenix (Chrono Boost)  
  97  8:19  Pylon  
  99  8:26  Adept  
  99  8:27  Adept x4  
  99  8:33  Probe x2  
  107  8:38  Phoenix (Chrono Boost)  
  110  8:48  Observer  
  110  8:51  Photon Cannon x2  
  110  8:53  Photon Cannon  
  110  8:55  Assimilator  
  110  9:00  Phoenix (Chrono Boost), Adept x3  
  118  9:18  Adept  
  118  9:19  Adept x5  
  118  9:21  Phoenix (Chrono Boost)  
  132  9:43  Phoenix (Chrono Boost)  
  130  9:52  Photon Cannon, Probe x2  
  130  9:54  Mothership Core  
  131  10:05  Phoenix (Chrono Boost)  
  131  10:06  Adept x9  
  80  10:26  Phoenix (Chrono Boost)  
  74  10:29  Adept x7  
  88  10:41  Protoss Ground Weapons Level 2, Robotics Bay  
  88  10:45  Robotics Facility  
  88  10:46  Pylon  
  87  10:54  Phoenix (Chrono Boost)  
  89  11:01  Stalker x6  
  101  11:16  Adept x3  
  107  11:28  Adept  
  107  11:29  Adept x5  
  117  11:41  Adept x2  
  117  11:44  Colossus (Chrono Boost)  
  117  11:45  Pylon  
  117  11:46  Pylon  
  125  11:49  Colossus (Chrono Boost)  
  129  12:10  Adept  
  129  12:11  Adept x5  
  129  12:12  Extended Thermal Lance  
  141  12:31  Colossus (Chrono Boost)  
  135  12:40  Stalker x6  
  131  12:54  Stalker x3  
  126  13:09  Stalker  
  126  13:10  Stalker x3  
  130  13:13  Stalker  
  89  13:29  Adept x4  
  89  13:33  Adept x2  
  65  13:54  Assimilator, Sentry x3  
  71  14:05  Warp Prism (Chrono Boost)  
  73  14:16  Stalker  
  75  14:17  Stalker  
  77  14:41  Stalker x5  
  83  15:05  Sentry x2  
  83  15:06  Sentry, Stalker x3  
  95  15:09  Stalker  
  95  15:24  Adept x2  
  95  15:29  Adept x2  
  95  15:30  Sentry  
  95  15:32  Adept  
  93  15:53  Adept  
  93  15:54  Adept x3  
  95  16:00  Sentry  
  97  16:04  Adept  
  99  16:12  Sentry  
  101  16:23  Sentry  
  101  16:25  Stalker  
  73  16:42  Adept  
  73  16:43  Adept  
Tags
 
Add a new tag
Caveats
  • Supply blocks, unpowered buildings, or Contaminate may cause inaccurate times.
  • Supply counts are checked every 10 seconds.